 Dungeon Crawl Stone Soup version 0.17-a0-1262-gd250d98 (webtiles) character file.

19 ohyou the Insei (level 2, 0/22 HPs)
             Began as a Demigod Transmuter on June 6, 2015.
             Slain by a jackal (2 damage)
             ... on level 1 of the Dungeon.
             The game lasted 00:02:30 (704 turns).

ohyou the Insei (Demigod Transmuter)                 Turns: 704, Time: 00:02:30

Health: 0/22       AC:  2    Str: 13    XL:     2   Next: 39%
Magic:  7/7        EV: 12    Int: 17    God:
Gold:   42         SH:  0    Dex: 16    Spells: 1 memorised, 4 levels left

rFire  . . .     SeeInvis .       - Unarmed
rCold  . . .     Clarity  .     b - +0 robe
rNeg   . . .     SustAt   +     (no shield)
rPois  .         Gourm    .     (no helmet)
rElec  .         Spirit   .     (no cloak)
rCorr  .         Warding  .     (no gloves)
rMut   .         Stasis   .     (boots currently unavailable)
MR     .....                    (no amulet)
Stlth  +.........               (no ring)
                                (no ring)

@: appendage (expiring), not resistant to hostile enchantments, very unstealthy
A: talons 3, high mp 1, sustain attributes
a: End Transformation


   Skills:
 - Level 0.8 Fighting
 - Level 1.7 Dodging
 - Level 2.6 Unarmed Combat
 * Level 2.4 Spellcasting
 + Level 2.2 Transmutations


You had 4 spell levels left.
You knew the following spells:

 Your Spells              Type           Power        Failure   Level  Hunger
a - Beastly Appendage     Trmt           #.....       10%         1    #......


Innate Abilities, Weirdness & Mutations

You have an increased reservoir of magic (+10% MP).
Your attributes are resistant to harm.
You have claws for feet.

Inventory:

Missiles
 a - 12 arrows
Armour
 b - a +0 robe (worn)
Books
 c - a book of Changes
Comestibles
 d - a bread ration
 f - a meat ration
 g - a beef jerky
 h - 2 chunks of flesh

.###...####..####..............#
###########....##..).....(.....#
#.# ##...##..####.#####..# #.#
##..##..# #.# #..# #.# #...##..#
#.# #..# ##.## #...##..# #.#
#..# #.#.# #.####..####.#####..#
##.## #.# #..........##..#
###.########.####@h........##..#
........w.......#..###.........#
###.###########w#..# #.........#
#.# #.#w.# #.........# #.#
#.#..# #.....##..# #.# #.#.[#
##..####..# #.# #.#..# #..# #..#
#.# #.#..# #..####..# #.# #....#
#........#


You could see a worm and a jackal.


Message History

Confirm with . or Enter, or press ? or * to list all spells.
Your feet morph into talons.
The bat closely misses you.
You hit the bat but do no damage. Your kick misses the bat. The bat hits you.
The bat misses you.
You hit the bat.
You kill the bat!
The bat hits you. The bat hits you but does no damage.
The bat closely misses you.
You see here a bat corpse.
The worm bites you.
You see here a bat corpse.
You barely miss the worm. You claw the worm, but do no damage.
The worm completely misses you.
You hit the worm. Your punch misses the worm.
The worm is moderately wounded.
Your transformation is almost over.
You barely miss the worm.
The worm is moderately wounded.
The worm bites you.
You barely miss the worm. You claw the worm.
The worm is moderately wounded.
You hit the worm. You claw the worm.
The worm is heavily wounded.
The worm bites you.
* * * LOW HITPOINT WARNING * * *
Your talons disappear.
The bat barely misses you. The bat barely misses you. x2
The bat closely misses you.
You are too injured to fight recklessly!
You are too injured to fight recklessly!
You are too injured to fight recklessly!
You are too injured to fight recklessly!
The bat closely misses you. The bat barely misses you.
The bat hits you but does no damage. The bat barely misses you.
The bat hits you but does no damage. The bat completely misses you.
The bat hits you but does no damage. x2
You hit the bat but do no damage. The bat barely misses you.
The bat completely misses you.
You hit the bat.
You kill the bat!
You see here a bat corpse.
You butcher the bat corpse.
h - 2 chunks of flesh (gained 1)
A jackal comes into view.
A jackal comes into view.
The jackal barks!
A jackal comes into view.
Casting: Beastly Appendage
Confirm with . or Enter, or press ? or * to list all spells.
Your feet morph into talons.
The jackal barks!
You aren't carrying any potions.
You hit the jackal.
The jackal is heavily wounded.
The jackal bites you.
* * * LOW HITPOINT WARNING * * *
The jackal bites you.
* * * LOW HITPOINT WARNING * * *
The jackal bites you but does no damage.
You barely miss the jackal. You claw the jackal.
The jackal is severely wounded.
Your transformation is almost over.
The jackal bites you.
* * * LOW HITPOINT WARNING * * *
The jackal closely misses you. x2
Unknown command.
You closely miss the jackal.
The jackal is severely wounded.
The jackal misses you. The jackal closely misses you. The jackal bites you.
* * * LOW HITPOINT WARNING * * *
The jackal bites you.
* * * LOW HITPOINT WARNING * * *
Unknown command.
You hit the jackal.
You kill the jackal!
The jackal bites you but does no damage.
The jackal bites you.
* * * LOW HITPOINT WARNING * * *
Unknown command.
You barely miss the jackal. You claw the jackal, but do no damage.
The jackal bites you but does no damage.
The jackal completely misses you.
You hit the jackal but do no damage. The jackal closely misses you.
The jackal closely misses you. The jackal completely misses you.
You hit the jackal but do no damage. You claw the jackal.
The jackal is lightly wounded.
The jackal barely misses you.
The jackal bites you but does no damage.
The jackal barely misses you.
You barely miss the jackal. You claw the jackal. Your punch misses the jackal.
The jackal is heavily wounded.
The jackal closely misses you. The jackal barely misses you.
You hit the jackal.
You kill the jackal!
The jackal barely misses you. The jackal closely misses you.
The jackal bites you.
You die...

Dungeon Overview and Level Annotations

Branches:
Dungeon (1/15)

Notes
Turn   | Place    | Note
--------------------------------------------------------------
     0 | D:1      | ohyou the Demigod Transmuter began the quest for the Orb.
     0 | D:1      | Reached XP level 1. HP: 15/15 MP: 5/5
   421 | D:1      | Reached XP level 2. HP: 22/22 MP: 5/7
   704 | D:1      | Slain by a jackal

Vault maps used:
D:1:      dpeg_arrival_boxes_within_box, st_stairs_11, hangedman_glass_teeth,
          solitary_fountain

Vanquished Creatures
  A giant cockroach (D:1)
  2 hobgoblins (D:1)
  3 jackals (D:1)
  A ball python (D:1)
  4 bats (D:1)
  2 giant newts (D:1)
  3 goblins (D:1)
  3 rats (D:1)
19 creatures vanquished.

Action                   || total
-------------------------++-------
Melee: Unarmed           ||    68
 Cast: Beastly Appendage ||     9
 Stab: Sleeping          ||     1
